 Dungeon Crawl Stone Soup version 0.18-a0-822-gb52b7b4 (webtiles) character file.

11 Duffy the Insei (level 2, 0/19 HPs)
             Began as a Tengu Monk on Dec 16, 2015.
             Slain by a hobgoblin
             ... wielding a +0 club
              (2 damage)
             ... on level 1 of the Dungeon.
             The game lasted 00:00:30 (502 turns).

Duffy the Insei (Tengu Monk)                         Turns: 502, Time: 00:00:30

Health: 0/19       AC:  2    Str: 11    XL:     2   Next: 29%
Magic:  3/3        EV: 13    Int: 10    God:
Gold:   20         SH:  0    Dex: 16    Spells: 0 memorised, 1 level left

rFire  . . .     SeeInvis .       - Unarmed
rCold  . . .     Gourm    .     a - +0 robe
rNeg   . . .     Faith    .     (no shield)
rPois  .         Spirit   .     (helmet restricted)
rElec  .         Dismiss  .     (no cloak)
rCorr  .         Reflect  .     (no gloves)
SustAt .         Harm     .     (boots unavailable)
MR     .....                    (no amulet)
Stlth  ++........               (no ring)
                                (no ring)

@: not resistant to hostile enchantments, unstealthy
A: beak, talons 3
a: no special abilities


You were on level 1 of the Dungeon.
You were not hungry.

You visited 1 branch of the dungeon, and saw 1 of its levels.

You collected 20 gold pieces.


Innate Abilities, Weirdness & Mutations

You have a beak for a mouth.
You have claws for feet.


   Skills:
 - Level 3.0 Fighting
 - Level 3.2 Dodging
 - Level 2.0 Stealth
 + Level 5.0 Unarmed Combat


You had one spell level left.
You didn't know any spells.

Inventory:

Armour
 a - a +0 robe (worn)
Scrolls
 c - a scroll of recharging {unknown}
 d - a scroll of identify {unknown}
 f - a scroll of amnesia {unknown}
Potions
 e - a potion of haste {unknown}
Comestibles
 b - 2 bread rations

Dungeon Overview and Level Annotations

Branches:
Dungeon (1/15)

Altars:


Message History

The jackal misses you. The hobgoblin misses you. The jackal misses you.
You closely miss the hobgoblin.
The hobgoblin is heavily wounded.
The jackal bites you. The hobgoblin hits you with a club.
You are too injured to fight recklessly!
You are too injured to fight recklessly!
You are too injured to fight recklessly!
You are too injured to fight recklessly!
You are too injured to fight recklessly!
You are too injured to fight recklessly!
You are too injured to fight recklessly!
You are too injured to fight recklessly!
You are too injured to fight recklessly!
You are too injured to fight recklessly!
You are too injured to fight recklessly!
You are too injured to fight recklessly!
You are too injured to fight recklessly!
You are too injured to fight recklessly!
You are too injured to fight recklessly!
The jackal barely misses you. The jackal bites you.
There is an open door here.
The jackal bites you.
You closely miss the jackal. Your kick misses the jackal. The jackal bites you.
You hit the jackal. Your peck misses the jackal.
The jackal is lightly wounded.
The jackal misses you.
You hit the jackal.
You kill the jackal!
Your Unarmed Combat skill increases to level 5!
You barely miss the rat. Your peck misses the rat. The rat closely misses you.
You punch the rat!
You kill the rat!
The hobgoblin hits you with a club.
You die...

###.....#########........###.....
#........................'.......
#.#......)...####........###.....
#.#.........%# #........########
#.#####......# #............. #.#
#......# ######........ #.#
#......# #).......
#.#####......#########........
#>..............@g...%........
#............#########'####.#
#........##### #.g...# #........#
#.....# #........# ######.....#
#........# #..........#
#.........# #...?......#
#...........!................
#####.#...........##.........


You could see a hobgoblin.

Action                   || total
-------------------------++-------
Melee: Unarmed           ||    30
 Stab: Sleeping          ||     3

Notes
Turn   | Place    | Note
--------------------------------------------------------------
     0 | D:1      | Duffy the Tengu Monk began the quest for the Orb.
     0 | D:1      | Reached XP level 1. HP: 14/14 MP: 2/2
   391 | D:1      | Reached XP level 2. HP: 16/19 MP: 3/3
   494 | D:1      | Reached skill level 5 in Unarmed Combat
   502 | D:1      | Slain by a hobgoblin

Vault maps used:
D:1:      dpeg_arrival_simpleton_c

Vanquished Creatures
  A bat
  A goblin
  2 jackals
  A ball python
  2 giant cockroaches
  A giant newt
  A kobold
  3 rats
12 creatures vanquished.
